 Dungeon Crawl Stone Soup version 0.31-a0-246-g8cbcc1cb85 (webtiles) character file.

Game seed: 14239250873199684895

338 qw the Shooter (level 6, -1/38 HPs)
             Began as a Gargoyle Hexslinger on July 12, 2023.
             Slain by a quokka (3 damage)
             ... summoned by Eustachio
             ... on level 4 of the Dungeon.
             The game lasted 00:01:06 (2494 turns).

qw the Shooter (Gargoyle Hexslinger)                Turns: 2494, Time: 00:01:06

Health: -1/38      AC:  7    Str: 12    XL:     6   Next: 55%
Magic:  7/7        EV: 11    Int: 13    God:
Gold:   104        SH:  0    Dex: 14    Spells: 6/7 levels left

rFire   . . .        Y - +4 sling
rCold   . . .        (no shield)
rNeg    + . .        e - +0 leather armour
rPois   inf          (no helmet)
rElec   +            (no cloak)
rCorr   +            (no gloves)
SInv    +            (no boots)
Will    .....        (no amulet)
Stlth   +            f - ring of see invisible
HPRegen 0.26/turn    b - ring of resist corrosion
MPRegen 0.10/turn

%: no passive effects
@: no status effects
A: sickness immunity, AC +4, negative energy resistance 1, electricity
resistance, torment resistance 1, petrification resistance
a: no special abilities


You were on level 4 of the Dungeon.
You visited 1 branch of the dungeon, and saw 4 of its levels.

You collected 214 gold pieces.
You spent 110 gold pieces at shops.


Innate Abilities, Weirdness & Mutations

You are immune to sickness and miasma.
Your stone body is resilient. (AC +4)
You are immune to poison.
You resist negative energy. (rN+)
You are resistant to electric shocks. (rElec)
You are resistant to unholy torment.
You are immune to petrification.


   Skills:
 - Level 4.0 Fighting
 + Level 5.6 Ranged Weapons
 - Level 1.5 Dodging
 - Level 1.0 Spellcasting
 - Level 2.6 Hexes


You had 6 spell levels left.
You knew the following spells:

 Your Spells              Type           Power      Damage    Failure   Level
a - Slow                  Hex            28%        N/A       12%         1

Your spell library contained the following spells:

 Spells                   Type           Power      Damage    Failure   Level
 Inner Flame              Hex/Fire       4%         N/A       52%         3
 Portal Projectile        Hex/Tloc       8%         N/A       52%         3
 Cause Fear               Hex            3%         N/A       75%         4

Inventory:

Hand Weapons
 Y - a +4 sling (weapon)
Armour
 d - a +0 ring mail
 e - a +0 leather armour (worn)
Jewellery
 b - a ring of resist corrosion (right hand)
 f - a ring of see invisible (left hand)
 k - a ring of ice
Scrolls
 a - 3 scrolls of identify
 j - a scroll of summoning {unknown}
Potions
 c - 3 potions of might
 g - a potion of mutation
 h - 2 potions of heal wounds {unknown}
 i - 3 potions of curing

Dungeon Overview and Level Annotations

Branches:
Dungeon (4/15)
 Temple: D:4-7

Altars:
Cheibriados
Nemelex Xobeh
Uskayaw

Shops:
D:2 !

Annotations:
D:4 Eustachio


Message History

You shoot a sling bullet. The sling bullet hits Eustachio.
Eustachio is moderately wounded.
The iron imp shouts, "Beg for mercy, thou frothy toot-wallowing yak-dropping!"
The iron imp closely misses you. Eustachio hits you with a +0 rapier.
The white imp hits you but does no damage.
The quokka misses you.
You shoot a sling bullet.
The sling bullet closely misses Eustachio.
The iron imp hits you! Eustachio barely misses you.
The white imp barely misses you. The quokka closely misses you.
You shoot a sling bullet.
The sling bullet closely misses Eustachio.
Eustachio casts a spell.
Eustachio blinks!
The quokka bites you but does no damage.
The iron imp barely misses you. The white imp closely misses you.
You shoot a sling bullet. The sling bullet hits the iron imp.
The iron imp is lightly wounded.
The quokka closely misses you. The white imp barely misses you.
The iron imp hits you. The quokka barely misses you.
You shoot a sling bullet. The sling bullet hits the iron imp.
The iron imp is heavily wounded.
The white imp completely misses you.
The iron imp shouts, "Beg for mercy, thou ducking wibble-sucking canker-blossom!"
The iron imp hits you!
The quokka bites you but does no damage.
You shoot a sling bullet. The sling bullet hits the iron imp.
The iron imp is heavily wounded.
The white imp hits you. The white imp freezes you.
The quokka closely misses you. The iron imp closely misses you.
Eustachio casts a spell.
You shoot a sling bullet. The sling bullet hits the iron imp.
The iron imp is severely wounded.
The quokka barely misses you. The white imp gestures at you.
The puff of frost hits you!
The iron imp hits you but does no damage.
The white imp hits you but does no damage.
The quokka bites you.
You die...

...............
...............
...............
......[........
.........)@.....
............r...
..8..[r5..8.....
.......@........
..8....5..8.....
#.....).......#
+.8..._...8...#
#....###......#
..............#
#.............#
#.............#
#.......%...#.#


You could see Eustachio, an iron imp (summoned), a white imp (summoned) and 2
quokkas.

Vanquished Creatures
  Menkaure (D:4)
  A scorpion (D:3)
  Jessica (D:2)
  6 adders
  A worm (D:2)
  3 dart slugs
  3 orcs
  4 bats
  An endoplasm (D:2)
  3 giant cockroaches
  4 goblins
  12 hobgoblins
  4 jackals (D:1)
  5 quokkas
  8 ball pythons
  3 frilled lizards
  8 kobolds
  7 rats
75 creatures vanquished.

Notes
Turn   | Place    | Note
-------+----------+-------------------------------------------
     0 | D:1      | qw the Gargoyle Hexslinger began the quest for the Orb.
     0 | D:1      | Reached XP level 1. HP: 12/12 MP: 2/2
     0 | D:1      | 0 ||| qw: Version: 0.3-a-52-g30416fa
     0 | D:1      | 0 ||| qw: Game counter: 6368
     0 | D:1      | 0 ||| qw: Melee chars always use a shield: true
     0 | D:1      | 0 ||| qw: God list: Okawaru
     0 | D:1      | 0 ||| qw: Allow faded altars: false
     0 | D:1      | 0 ||| qw: Do Orc after clearing Dungeon:15 true
     0 | D:1      | 0 ||| qw: Do second Lair branch before Depths: true
     0 | D:1      | 0 ||| qw: Lair rune preference: random
     0 | D:1      | 0 ||| qw: Goals: Normal
     0 | D:1      | 0 ||| PLANNING D:1-11
    98 | D:1      | Reached XP level 2. HP: 16/16 MP: 3/3
   138 | D:1      | Reached skill level 3 in Ranged Weapons
   309 | D:1      | Reached XP level 3. HP: 21/21 MP: 4/4
   535 | D:1      | 535 ||| UPGRADING to +0 leather armour.
   545 | D:1      | 545 ||| DROPPING +0 robe.
   546 | D:1      | 546 ||| DROPPING amulet of magic regeneration.
   547 | D:1      | 547 ||| UPGRADING to ring of see invisible.
   548 | D:1      | 548 ||| READING scroll labelled ZABERE ADEKHLI.
   549 | D:1      | 549 ||| READING scroll labelled YPTEUN UNIN.
   565 | D:1      | 565 ||| READING scroll labelled HOUNOO OGIVAUK.
   569 | D:1      | 569 ||| READING 3 scrolls labelled REOTRU JAUTYNT.
   570 | D:1      | 570 ||| READING 2 scrolls of enchant weapon.
   570 | D:1      | 570 ||| ENCHANTING +2 sling.
   571 | D:1      | 571 ||| READING scroll of enchant weapon.
   571 | D:1      | 571 ||| ENCHANTING +3 sling.
   572 | D:1      | 572 ||| READING scroll labelled GEOQOQ DERY.
   573 | D:1      | 573 ||| DRINKING 3 viscous silvery potions.
   574 | D:1      | 574 ||| DROPPING scroll of poison.
   834 | D:2      | Reached XP level 4. HP: 21/26 MP: 5/5
   880 | D:2      | Reached skill level 4 in Ranged Weapons
  1244 | D:2      | Found Couxt's Distillery.
  1255 | D:2      | 1255 ||| BUYING potion of curing (33 gold).
  1255 | D:2      | Bought a potion of curing for 33 gold pieces
  1255 | D:2      | 1255 ||| BUYING potion of curing (33 gold).
  1255 | D:2      | Bought a potion of curing for 33 gold pieces
  1255 | D:2      | 1255 ||| BUYING potion of might (44 gold).
  1255 | D:2      | Bought a potion of might for 44 gold pieces
  1255 | D:2      | 1255 ||| SHOPLISTING potion of resistance (110 gold, have
                  | 14).
  1351 | D:2      | Noticed Jessica
  1355 | D:2      | Killed Jessica
  1356 | D:2      | Reached XP level 5. HP: 30/30 MP: 6/6
  1493 | D:2      | 1493 ||| UPGRADING to ring of resist corrosion.
  1494 | D:2      | 1494 ||| READING 3 scrolls labelled IGYVOUVOVE.
  1495 | D:2      | 1495 ||| DRINKING 2 lumpy grey potions.
  1496 | D:2      | 1496 ||| DRINKING 4 potions of curing.
  1496 | D:2      | 1496 ||| (to cure confusion)
  1497 | D:2      | 1497 ||| DROPPING potion of ambrosia.
  1498 | D:2      | 1498 ||| DROPPING 2 scrolls of noise.
  1676 | D:3      | Found a sparkling altar of Nemelex Xobeh.
  1768 | D:3      | Reached skill level 5 in Ranged Weapons
  2054 | D:3      | Found a snail-covered altar of Cheibriados.
  2268 | D:3      | 2268 ||| READING scroll labelled CAABOY BITHUE.
  2269 | D:3      | 2269 ||| READING 2 scrolls of identify.
  2269 | D:3      | 2269 ||| IDENTIFYING purple potion
  2309 | D:4      | Noticed Menkaure
  2317 | D:4      | Killed Menkaure
  2318 | D:4      | Reached XP level 6. HP: 27/38 MP: 7/7
  2459 | D:4      | Found a hide-covered altar of Uskayaw.
  2468 | D:4      | Noticed Eustachio
  2494 | D:4      | HP: 2/38 [white imp/puff of frost[Eustachio] (10)]
  2494 | D:4      | Slain by a quokka

Levels and vault maps discovered:
D:1:      dpeg_arrival_rooms_c, layout_rooms, kennysheep_pointless_box,
          minmay_box_of_dots
D:2:      layout_basic, serial_shops, nicolae_shop_industrial_runoff,
          uniq_jessica
D:3:      layout_basic, mainiacjoe_overflow_chevrons, lemuel_round_altar
D:4:      layout_basic, eat_drink_and_be_merry_uskayaw,
          chequers_serial_rivers_micro_c, corexii_corridor_pit, uniq_eustachio,
          uniq_ijyb, uniq_menkaure

Skill      XL: |  1  2  3  4  5 |
---------------+----------------+-----
Ranged Weapons | 3 4 5 |  5.6
Fighting       | 2 4 |  4.0
Dodging        | |  1.5
Spellcasting   | |  1.0
Hexes          | |  2.6

Action                     |  1- 3 |  4- 6 || total
---------------------------+-------+-------++-------
   Fire: Sling             |   117 |   145 ||   262
    Use: Scroll            |     7 |     3 ||    10
         Potion            |     1 |     2 ||     3
 Armour: Robe              |    18 |       ||    18
         Leather armour    |     4 |    17 ||    21
  Dodge: Dodged            |    41 |    43 ||    84

Table legend:
 A = Non-vault XP
 B = Vault XP
 C = Vault XP percentage of total XP
 D = Non-vault monster count
 E = Vault monster count
 F = Vault count percentage of total count
                 A         B        C        D         E       F
            +---------+---------+-------+---------+---------+-------
      Total |     286 |     198 |  40.9 |      70 |       5 |   6.7
            +---------+---------+-------+---------+---------+-------
        D:1 |      50 |       4 |   7.4 |      27 |       3 |  10.0
        D:2 |      83 |      37 |  30.8 |      18 |       1 |   5.3
        D:3 |     124 |       0 |   0.0 |      16 |       0 |   0.0
        D:4 |      29 |     157 |  84.4 |       9 |       1 |  10.0
            +---------+---------+-------+---------+---------+-------
